 Dungeon Crawl Stone Soup version 0.19-b1-5-gdc9fa9d (webtiles) character file.

184 Gorglomux the Slasher (level 5, 0/27 HPs)
             Began as a Vine Stalker Fighter on Oct 31, 2016.
             Was a Follower of Uskayaw.
             Slain by feelmyfire's ghost (11 damage)
             ... on level 4 of the Dungeon.
             The game lasted 00:05:55 (2058 turns).

Gorglomux the Slasher (Vine Stalker Fighter)        Turns: 2058, Time: 00:05:56

Health: 0/27       AC:  6    Str: 20    XL:     5   Next: 63%
Magic:  0/7        EV:  7    Int:  8    God:    Uskayaw [*.....]
Gold:   146        SH:  9    Dex: 15    Spells: 0 memorised, 4 levels left

rFire  + . .     SeeInvis .     a - +0 long sword
rCold  . . .     Gourm    .     b - +0 scale mail
rNeg   . . .     Faith    .     c - +0 shield
rPois  .         Spirit   +     (no helmet)
rElec  .         Reflect  .     (no cloak)
rCorr  .         Harm     .     (no gloves)
MR     .....                    (no boots)
Stlth  ..........               (no amulet)
                                r - ring of protection from fire
                                l - +2 ring of dexterity

@: no status effects
A: fangs 2, regeneration 1, magic shield, antimagic bite, no device heal 3, rot
immunity
a: Stomp, Renounce Religion


You were on level 4 of the Dungeon.
You worshipped Uskayaw.
Uskayaw was noncommittal.
You were very hungry.

You visited 1 branch of the dungeon, and saw 4 of its levels.

You collected 146 gold pieces.

Inventory:

Hand Weapons
 a - a +0 long sword (weapon)
Armour
 b - a +0 scale mail (worn)
 c - a +0 shield (worn)
Jewellery
 l - a +2 ring of dexterity (left hand)
 q - an uncursed ring of protection from cold
 r - a ring of protection from fire (right hand)
Wands
 k - a wand of lightning (5/15)
Scrolls
 e - a scroll of fear {unknown}
 i - a scroll of enchant armour {unknown}
 n - a scroll of random uselessness {unknown}
 o - a scroll of immolation {unknown}
 t - 3 scrolls of identify {unknown}
 x - a scroll of recharging {unknown}
 y - a scroll of blinking {unknown}
 A - a scroll of amnesia {unknown}
 B - a scroll of remove curse {unknown}
Potions
 d - 2 potions of might
 g - 2 potions of curing {unknown}
 h - a potion of brilliance {unknown}
 j - a potion of heal wounds {unknown}
 m - a potion of degeneration {unknown}
 u - a potion of agility {unknown}
 w - a potion of lignification {unknown}
 z - 2 potions of haste {unknown}
Books
 s - a book of Misfortune

   Spells                             Type                      Level
   a - Confusing Touch                Hexes                        1
   b - Confuse                        Hexes                        3
   c - Gell's Gravitas                Hexes/Translocation          3
   d - Petrify                        Transmutation/Earth          4
   e - Metabolic Englaciation         Hexes/Ice                    5
   f - Yara's Violent Unravelling     Hexes/Transmutation          5
Comestibles
 f - 4 bread rations
 p - 2 meat rations
 v - 3 fruits


   Skills:
 - Level 2.6 Fighting
 * Level 4.4 Long Blades
 - Level 2.4 Armour
 - Level 2.6 Shields
 + Level 2.4 Invocations


You had 4 spell levels left.
You didn't know any spells.

Dungeon Overview and Level Annotations

Branches:
Dungeon (4/15)
 Temple: D:4-7

Altars:
Cheibriados
Gozag
Kikubaaqudgha
Okawaru
Qazlal
Trog
Uskayaw
Xom

Annotations:
D:4 feelmyfire's ghost, amateur HOFi


Innate Abilities, Weirdness & Mutations

You have extremely sharp teeth.
Your natural rate of healing is unusually fast.
When hurt, damage is shared between your health and your magic reserves.
Your bite disrupts and absorbs the magic of your enemies.
Potions and wands cannot restore your health.
You are immune to rotting.


Message History

Feelmyfire's ghost hits you.
You slash feelmyfire's ghost!
Feelmyfire's ghost is lightly damaged.
Feelmyfire's ghost hits you.
You hit feelmyfire's ghost but do no damage.
Your bite misses feelmyfire's ghost.
Feelmyfire's ghost is lightly damaged.
Feelmyfire's ghost hits you. x2
You hit feelmyfire's ghost.
You bite feelmyfire's ghost, but do no damage.
Feelmyfire's ghost is lightly damaged.
Feelmyfire's ghost barely misses you.
You barely miss feelmyfire's ghost.
Feelmyfire's ghost is lightly damaged.
You block feelmyfire's ghost's attack.
You hit feelmyfire's ghost but do no damage.
Your bite misses feelmyfire's ghost.
Feelmyfire's ghost is lightly damaged.
Feelmyfire's ghost hits you! x2
You die...

## ####
#.#########..#####
##.#.......#.@W..#
##.########.###......#
#..# ##...#####....
##..# ###........# #?.
##..#####....##..... .
#...###.......#......
#.............#......
...............#.....
...............#.....


You could see feelmyfire's ghost.

Vanquished Creatures
  The ghost of feelmyfire the Cudgeler, an amateur HOFi (D:3)
  4 adders
  An ooze (D:2)
  A worm (D:3)
  A dart slug (D:2)
  A leopard gecko (D:1)
  4 giant cockroaches
  5 goblins
  6 hobgoblins
  6 kobolds
  A quokka (D:2)
  2 ball pythons
  5 bats
  8 frilled lizards
  10 rats
56 creatures vanquished.

Notes
Turn   | Place    | Note
-------+----------+-------------------------------------------
     0 | D:1      | Gorglomux the Vine Stalker Fighter began the quest for the Orb.
     0 | D:1      | Reached XP level 1. HP: 11/11 MP: 2/2
    71 | D:1      | Reached skill level 2 in Long Blades
   309 | D:1      | Reached XP level 2. HP: 16/16 MP: 3/3
   724 | D:2      | Found a hide-covered altar of Uskayaw.
   738 | D:2      | Became a worshipper of Uskayaw the Reveler
   847 | D:2      | Reached * piety under Uskayaw
   852 | D:2      | Reached skill level 3 in Long Blades
   852 | D:2      | Reached XP level 3. HP: 15/19 MP: 1/4
   852 | D:2      | Reached ** piety under Uskayaw
   958 | D:2      | Reached skill level 1 in Invocations
  1060 | D:2      | Gained mutation: Your natural rate of healing is unusually fast. [Vine Stalker growth]
  1060 | D:2      | Reached XP level 4. HP: 16/23 MP: 4/6
  1228 | D:3      | Reached *** piety under Uskayaw
  1246 | D:3      | Noticed feelmyfire's ghost (amateur HOFi)
  1413 | D:3      | Found a shimmering altar of Xom.
  1435 | D:3      | Found a bloodstained altar of Trog.
  1709 | D:3      | Killed feelmyfire's ghost
  1709 | D:3      | Reached skill level 4 in Long Blades
  1709 | D:3      | Reached XP level 5. HP: 17/27 MP: 2/7
  1838 | D:3      | Found an opulent altar of Gozag.
  1838 | D:3      | Found a snail-covered altar of Cheibriados.
  1840 | D:3      | Found an ancient bone altar of Kikubaaqudgha.
  1840 | D:3      | Found an iron altar of Okawaru.
  1840 | D:3      | Found a snail-covered altar of Cheibriados.
  1918 | D:3      | Found a stormy altar of Qazlal.
  2050 | D:4      | Noticed feelmyfire's ghost (amateur HOFi)
  2058 | D:4      | Slain by feelmyfire's ghost

Skill      XL: |  1  2  3  4 |
---------------+-------------+-----
Long Blades    | 2 3 4 |  4.4
Invocations    | 1 2 |  2.4
Fighting       | |  2.6
Armour         | |  2.4
Shields        | |  2.6

Action                   |  1- 3 |  4- 6 || total
-------------------------+-------+-------++-------
Melee: Long sword        |    83 |    84 ||   167
       Bite              |    26 |    29 ||    55
Invok: Stomp             |     1 |     2 ||     3
 Stab: Paralysed         |       |     1 ||     1
  Eat: Chunk             |     1 |     2 ||     3
Armor: Scale mail        |    49 |    26 ||    75
Dodge: Dodged            |    34 |    20 ||    54
Block: Shield            |    33 |    41 ||    74
       Rpst.: Long sword |    11 |     7 ||    18
